 Dungeon Crawl Stone Soup version 0.26-a0-812-g31a745ddcd (webtiles) character file.

Game seed: 121158875333553789

693 1994 the Cudgeller (level 7, 0/105 HPs)
             Began as an Ogre Brigand on Nov 14, 2020.
             Succumbed to a killer bee's poison
             ... on level 7 of the Dungeon.
             The game lasted 00:12:06 (4687 turns).

1994 the Cudgeller (Ogre Brigand)                   Turns: 4687, Time: 00:12:06

Health: 0/105      AC: 31    Str: 18    XL:     7   Next: 64%
Magic:  7/7        EV:  1    Int: 12    God:
Gold:   204        SH:  0    Dex: 10    Spells: 6/6 levels left

rFire    + . .     SeeInvis .   a - +1 mace
rCold    + . .     Faith    .   (no shield)
rNeg     + + +     Spirit   .   (armour currently unavailable)
rPois    +         Reflect  .   (helmet currently unavailable)
rElec    +         Harm     .   (cloak currently unavailable)
rCorr    +         Rampage  .   (gloves unavailable)
MR       .....     NoTele   +   (boots unavailable)
Stlth    ++........             (no amulet)
HPRegen  0.27/turn              n - +4 ring of protection
MPRegen  0.10/turn              r - +4 ring of protection

@: lethally poisoned (0 -> -3), tree-form, resistant
A: large, unfitting armour
a: no special abilities


You were on level 7 of the Dungeon.
You were a tree.
You visited 1 branch of the dungeon, and saw 5 of its levels.

You collected 204 gold pieces.

Inventory:

Hand Weapons
 a - a +1 mace (weapon)
 b - a +2 dagger
 x - a +0 flail
Missiles
 f - 165 stones (quivered)
Armour
 c - a +0 cloak (melded)
 m - a +0 robe (melded)
Jewellery
 n - a +4 ring of protection (left branch)
 r - a +4 ring of protection (right branch)
Scrolls
 g - 3 scrolls of identify
 h - 2 scrolls of remove curse
 j - a scroll of noise {unknown}
 k - 2 scrolls of enchant weapon
 l - a scroll of fog {unknown}
 o - 3 scrolls of fear
 s - a scroll of magic mapping {unknown}
Potions
 p - a potion of flight
 w - a potion of ambrosia {unknown}


   Skills:
 - Level 4.2 Fighting
 - Level 1.7 Short Blades
 * Level 6.4 Maces & Flails
 - Level 3.1 Throwing
 - Level 1.4 Dodging
 - Level 2.9 Stealth


You had 6 spell levels left.
You didn't know any spells.
Your spell library was empty.

Dungeon Overview and Level Annotations

Branches:
Dungeon (4/15)             Temple (0/1) D:7

Altars:


Innate Abilities, Weirdness & Mutations

You are too large for most types of armour.
((You have tough skin. (AC +1)))


Message History

* * * LOW HITPOINT WARNING * * *
You feel sick.
The killer bee stings you but does no damage.
The killer bee barely misses you.
You sock the killer bee!
You kill the killer bee!
* * * LOW HITPOINT WARNING * * *
You feel sick.
You swing at nothing.
* * * LOW HITPOINT WARNING * * *
You feel sick.
You swing at nothing.
* * * LOW HITPOINT WARNING * * *
You feel sick.
You swing at nothing.
* * * LOW HITPOINT WARNING * * *
You feel sick.
It was a potion of resistance.
You feel protected.
You die...

...#########.
...'.........
.....##.#....
........#.##. #.#.......
#####.#.#.#.#. .
...#...#.#.#.
....#########.#....(....
.......♣†((....(##.#.>.#
#############.#....#.F.#
#...........#.#...(#..
#.###########.#.##.#F#
#.# #....... . #######.#
..#.#.#.## #.......#
..#. .#.. #.......#.# ..
.. .. #.......#.#


There were no monsters in sight!

Vanquished Creatures
  An ice beast (D:7)
  A centaur (D:7)
  A bullfrog (D:7)
  5 killer bees (D:7)
  A hound (D:7)
  An orc priest (D:3)
  A killer bee zombie (D:7)
  5 adders
  3 gnolls (D:3)
  An ooze (D:2)
  5 worms
  3 dart slugs
  5 leopard geckos
  5 orcs
  9 bats
  3 giant cockroaches (D:2)
  4 goblins
  5 hobgoblins
  6 jackals
  3 quokkas
  4 ball pythons
  3 frilled lizards
  10 kobolds
  15 rats
100 creatures vanquished.

Notes
Turn   | Place    | Note
-------+----------+-------------------------------------------
     0 | D:1      | 1994 the Ogre Brigand began the quest for the Orb.
     0 | D:1      | Reached XP level 1. HP: 22/22 MP: 1/1
   126 | D:1      | Reached skill level 1 in Dodging
   544 | D:1      | Reached XP level 2. HP: 22/29 MP: 2/2
  1085 | D:1      | Reached skill level 1 in Maces & Flails
  1085 | D:1      | Reached XP level 3. HP: 37/37 MP: 3/3
  1796 | D:2      | Reached XP level 4. HP: 29/46 MP: 4/4
  2152 | D:2      | Reached skill level 2 in Maces & Flails
  2808 | D:3      | Reached XP level 5. HP: 54/54 MP: 5/5
  3689 | D:3      | Reached skill level 3 in Maces & Flails
  4143 | D:4      | You fall into a shaft and drop 3 floors!
  4154 | D:7      | Reached XP level 6. HP: 58/62 MP: 6/6
  4385 | D:7      | Reached skill level 4 in Maces & Flails
  4454 | D:7      | Noticed an ice beast
  4470 | D:7      | Killed an ice beast
  4476 | D:7      | Reached skill level 5 in Maces & Flails
  4476 | D:7      | Reached XP level 7. HP: 50/70 MP: 7/7
  4622 | D:7      | Found a staircase to the Ecumenical Temple.
  4660 | D:7      | Reached skill level 6 in Maces & Flails
  4681 | D:7      | HP: 5/105 [killer bee (1)]
  4684 | D:7      | HP: 2/105 [poisoned by a killer bee]
  4687 | D:7      | Succumbed to a killer bee's poison

Illustrated notes

Levels and vault maps discovered:
D:1:      evilmike_arrival_crescent, layout_basic, minmay_rat_gold_closets
D:2:      layout_rooms
D:3:      layout_basic, grunt_ministairs_14
D:4:      layout_loops_ring, nemelex_xobeh_ov_fountains_minmay,
          gammafunk_ghost_grave
D:7:      layout_basic, minmay_temple_entry_ruins, serial_shops,
          nicolae_shop_temple_entry_statues_fountains, uniq_menkaure

Skill      XL: |  1  2  3  4  5  6  7 |
---------------+----------------------+-----
Dodging        | 1 |  1.4
Fighting       | 3 4 |  4.2
Maces & Flails | 1 2 3 5 6 |  6.4
Throwing       | 3 |  3.1
Short Blades   | |  1.7
Stealth        | |  2.9

Action                   |  1- 3 |  4- 6 |  7- 9 || total
-------------------------+-------+-------+-------++-------
Melee: Dagger            |   134 |   182 |       ||   316
       Mace              |       |    83 |    28 ||   111
Throw: Dart              |     9 |     6 |    16 ||    31
       Stone             |     9 |     1 |       ||    10
  Use: Scroll            |       |     6 |       ||     6
       Potion            |       |       |     4 ||     4
 Stab: Sleeping          |     9 |     6 |       ||    15
       Invisible         |       |       |     1 ||     1
Armor: Robe              |    35 |   106 |    25 ||   166
       Skin              |       |       |    17 ||    17
Dodge: Dodged            |    64 |   140 |    37 ||   241

Table legend: (Time is in decaauts)
 A = Elapsed time spent in this place.
 B = Non-inter-level travel time spent in this place.
 C = Inter-level travel time spent in this place.
 D = Time resting spent in this place.
 E = Time spent auto-exploring this place.
 F = Levels seen in this place.
 G = Mean time per level.
                   A        B        C        D        E       F      G
               +--------+--------+--------+--------+--------+-----+--------+
         Total |   4677 |   4584 |     93 |   1953 |   1262 |   5 |  935.4 |
       Dungeon |   4677 |   4584 |     93 |   1953 |   1262 |   5 |  935.4 |
               +--------+--------+--------+--------+--------+-----+--------+

Top non-repeatable levels by time:
     D:2: 1482 daAuts
     D:1: 1327 daAuts
     D:3: 1234 daAuts
     D:7: 558 daAuts
     D:4: 74 daAuts
